 Dungeon Crawl Stone Soup version 0.17-a0-1450-g7e755d1 (webtiles) character file.

255 Chiseanne the Skirmisher (level 5, -12/41 HPs)
             Began as a Demonspawn Wanderer on June 30, 2015.
             Killed by divine providence
             ... invoked by an orc priest
              (17 damage)
             ... on level 4 of the Dungeon.
             The game lasted 00:11:03 (3222 turns).

Chiseanne the Skirmisher (Demonspawn Wanderer)      Turns: 3222, Time: 00:11:03

Health: -12/41     AC: 12    Str: 15    XL:     5   Next: 91%
Magic:  9/9        EV: 12    Int: 12    God:
Gold:   163        SH:  4    Dex: 14    Spells: 0 memorised, 10 levels left

rFire  . . .     SeeInvis .     a - +2 hand axe (freeze)
rCold  + . .     Clarity  .     v - +3 leather armour {rC+}
rNeg   . . .     SustAt   .     o - +0 buckler (curse)
rPois  .         Gourm    .     (helmet restricted)
rElec  .         Spirit   .     r - +1 cloak
rCorr  .         Warding  .     t - +0 pair of gloves
rMut   .         Stasis   .     i - +1 pair of boots
MR     .....                    (no amulet)
Stlth  ++........               (no ring)
                                k - +2 ring of strength

@: not resistant to hostile enchantments, unstealthy
A: horns 1, molten scales 1, rot immunity
a: no special abilities


You were on level 4 of the Dungeon.
You were not hungry.

You visited 1 branch of the dungeon, and saw 4 of its levels.

You collected 163 gold pieces.

Inventory:

Hand weapons
 a - a +2 hand axe of freezing (weapon)
 q - a +1 vampiric short sword
 w - a +0 war axe
Missiles
 h - 88 arrows
 j - 24 bolts
 p - 25 sling bullets
 u - 17 poisoned bolts
Armour
 i - a +1 pair of boots (worn)
 o - a cursed +0 buckler (worn)
 r - a +1 cloak (worn)
 t - a +0 pair of gloves (worn)
 v - a +3 leather armour of cold resistance (worn)
Jewellery
 k - a +2 ring of strength (left hand)
Magical devices
 s - a wand of draining (8)
Potions
 b - a potion of haste
 c - a potion of flight {unknown}
 d - a potion of lignification
 e - a potion of curing {unknown}
 g - 3 potions of mutation
 n - a potion of cancellation {unknown}
 x - a potion of invisibility
Comestibles
 f - 3 bread rations
 l - 4 chunks of flesh
 m - 3 meat rations
 z - a slice of pizza


   Skills:
 + Level 3.3 Fighting
 - Level 1.0 Short Blades
 * Level 1.1 Axes
 - Level 1.0 Throwing
 - Level 1.8 Armour
 + Level 2.6 Dodging
 - Level 1.7 Stealth
 * Level 2.5 Shields
 - Level 3.0 Spellcasting


You had 10 spell levels left.
You didn't know any spells.

Dungeon Overview and Level Annotations

Branches:
Dungeon (4/15)
 Temple: D:4-7

Altars:
Dithmenos
Nemelex Xobeh
Sif Muna

Annotations:
D:2 Sigmund


Innate Abilities, Weirdness & Mutations

You have a pair of small horns on your head.
You are partially covered in molten scales (AC +1).
You are immune to rotting.


Message History

You hit the orc. You freeze the orc.
The orc is severely wounded.
The orc misses you.
You slash the orc! You freeze the orc.
You kill the orc!
An orc and an orc priest come into view.
The orc priest shouts!
Found 26 stones.
You see here a flail.
The orc priest invokes the aid of Beogh against you.
Something smites you!
The orc shouts!
The orc priest mumbles some strange prayers to Beogh against you.
Something smites you!
You barely miss the orc priest. Your headbutt misses the orc priest.
The orc priest hits you with a hand axe!
* * * LOW HITPOINT WARNING * * *
The orc priest invokes the aid of Beogh against you.
Something smites you!
You die...

#.......................########.
##......#########..^.#### ##
#..>..## ###### #.....# #########
#....######.......#
#....###..........##
##....#.......).....#
#..........####.....##
#........### ##@o?..# #........#
##o...# ....)...## (....#
........# #....# .......## ....#
#.....## #..## ####### ..# ..#


You could see an orc priest and an orc.

Vanquished Creatures
  A giant frog skeleton (D:4)
  An orc wizard (D:3)
  A hound skeleton (D:3)
  8 adders
  4 worms (D:2)
  6 orcs
  4 giant cockroaches
  11 hobgoblins
  3 quokkas
  2 ball pythons
  9 bats
  6 giant geckos
  5 giant newts
  12 goblins
  3 jackals (D:1)
  9 kobolds
  9 rats
94 creatures vanquished.

Notes
Turn   | Place    | Note
--------------------------------------------------------------
     0 | D:1      | Chiseanne the Demonspawn Wanderer began the quest for the Orb.
     0 | D:1      | Chiseanne set off with: a +2 dagger, a potion of haste, a +0 spear, a potion of lignification, a +0 robe, a bread ration
     0 | D:1      | Reached XP level 1. HP: 15/15 MP: 4/4
   295 | D:1      | Found a sparkling altar of Nemelex Xobeh.
   476 | D:1      | Gained mutation: You have a pair of small horns on your head. [demonic ancestry]
   476 | D:1      | Reached XP level 2. HP: 21/21 MP: 6/6
   797 | D:1      | Reached skill level 1 in Armour
  1079 | D:2      | Reached XP level 3. HP: 27/27 MP: 7/7
  1330 | D:2      | Gained mutation: You are partially covered in molten scales (AC +1). [demonic ancestry]
  1330 | D:2      | Reached XP level 4. HP: 31/34 MP: 8/8
  2090 | D:2      | Noticed Sigmund
  2208 | D:3      | Found a deep blue altar of Sif Muna.
  2245 | D:3      | Found a shadowy altar of Dithmenos.
  2275 | D:3      | Gained mutation: You are immune to rotting. [demonic ancestry]
  2275 | D:3      | Reached XP level 5. HP: 40/40 MP: 9/9
  3020 | D:4      | Reached skill level 1 in Axes
  3222 | D:4      | Killed from afar by an orc priest

Vault maps used:
D:1:      saegor_arrival_simple_e, nemelex_diamond_rough_becter
D:2:      grunt_ministairs_9, minmay_joined_circles, uniq_sigmund
D:3:      lemuel_blue_sif_altar, first_bread, nicolae_dithmenos_shadow_blocks
D:4:      cheibrodos_ashenzari_chains

Action                   |  1- 3 |  4- 6 || total
-------------------------+-------+-------++-------
Melee: Dagger            |   154 |   138 ||   292
       Hand axe          |       |    51 ||    51
  Use: Scroll            |     6 |     6 ||    12
 Stab: Sleeping          |     1 |     1 ||     2
  Eat: Chunk             |     1 |     7 ||     8
